 Dungeon Crawl Stone Soup version 0.31.0-11-ge490571c62 (webtiles) character file.

Game seed: 597841863356360404

70126 Strat the Markstengu (level 15, -5/95 HPs)
             Began as a Tengu Hexslinger on Feb 4, 2024.
             Was a High Priest of Dithmenos.
             Slain by an eight-headed hydra (9 damage)
             ... on level 5 of the Lair of Beasts.
             The game lasted 00:44:57 (19326 turns).

Strat the Markstengu (Tengu Hexslinger)            Turns: 19326, Time: 00:44:58

Health: -5/95      AC:  9    Str: 10    XL:     15   Next: 32%
Magic:  19/19      EV: 41    Int: 14    God:    Dithmenos [*****.]
Gold:   1122       SH:  5    Dex: 28    Spells: 8/16 levels left

rFire   + . .        b - +0 longbow (freeze)
rCold   . . .        (shield currently unavailable)
rNeg    . . .        J - +0 acid dragon scales
rPois   .            j - +2 hat
rElec   .            (no cloak)
rCorr   +            (no gloves)
SInv    .            (boots unavailable)
Will    .....        M - amulet of reflection
Stlth   ++++++       N - +6 ring of dexterity
HPRegen 0.35/turn    B - ring of protection from fire
MPRegen 0.16/turn

%: reflection, acrobat
@: about to teleport, weak-willed, acrobatic, flying, slowed, wreathed by umbra,
very slow
A: beak, talons 3, evasive flight, acrobatic
a: Renounce Religion, Shadow Step, Shadow Form


You were on level 5 of the Lair of Beasts.
You worshipped Dithmenos.
Dithmenos was extremely pleased with you.
You visited 3 branches of the dungeon, and saw 18 of its levels.

You collected 1378 gold pieces.
You spent 256 gold pieces at shops.

Inventory:

Hand Weapons
 b - a +0 longbow of freezing (weapon)
 t - a +6 dagger
 u - the +7 hammer of Courage {holy, rElec}
   (You found it on level 3 of the Dungeon)

   rElec:     It insulates you from electricity.
 y - a +0 arbalest
Armour
 c - a +0 robe
 j - a +2 hat (worn)
 k - a +0 leather armour
 D - +0 steam dragon scales
 J - +0 acid dragon scales (worn)
Jewellery
 i - a ring of ice
 v - a ring of wizardry
 B - a ring of protection from fire (right hand)
 M - an amulet of reflection (around neck)
 N - a +6 ring of dexterity (left hand)
 V - a ring of see invisible
 W - a +6 ring of intelligence
 X - a ring of fire
Wands
 s - a wand of polymorph (3)
 F - a wand of roots (6)
 L - a wand of charming (10)
 Q - a wand of mindburst (8)
 S - a wand of acid (6)
Scrolls
 d - 7 scrolls of identify
 e - 2 scrolls of brand weapon
 f - a scroll of teleportation
 g - 2 scrolls of fog
 h - 5 scrolls of immolation
 m - 3 scrolls of enchant weapon
 o - 3 scrolls of poison
 C - 4 scrolls of amnesia
 H - 3 scrolls of revelation
 P - 3 scrolls of vulnerability
 T - a scroll of summoning
Potions
 n - 2 potions of lignification
 p - 6 potions of curing
 q - a potion of resistance
 r - 2 potions of enlightenment
 w - 2 potions of might
 x - 2 potions of ambrosia
 z - 2 potions of cancellation
 A - 2 potions of berserk rage
 E - 2 potions of magic
 G - 4 potions of mutation
 I - a potion of attraction
 R - a potion of brilliance
Miscellaneous
 O - a lightning rod (4/4)


   Skills:
 + Level 11.2 Fighting
 - Level 18.0 Ranged Weapons
 - Level 5.0 Armour
 + Level 11.4 Dodging
 - Level 6.0 Stealth
 - Level 1.0 Spellcasting
 - Level 7.0 Hexes
 - Level 1.1 Fire Magic
 + Level 4.5 Invocations


You had 8 spell levels left.
You knew the following spells:

 Your Spells              Type           Power      Damage    Failure   Level
a - Jinxbite              Hex            40%        N/A       3%          2
b - Sigil of Binding      Hex            20%        N/A       7%          3
c - Inner Flame           Hex/Fire       12%        N/A       22%         3

Your spell library contained the following spells:

 Spells                   Type           Power      Damage    Failure   Level
 Tukima's Dance           Hex            20%        N/A       7%          3
 Ensorcelled Hibernation  Hex/Ice        20%        N/A       14%         2
 Cause Fear               Hex            10%        N/A       22%         4
 Freeze                   Ice            0%         1d3       36%         1
 Shock                    Conj/Air       0%         1d3       36%         1
 Cigotuvi's Dreadful Rot  Necr/Alch/Air  0%         N/A       52%         2
 Dimensional Bullseye     Hex/Tloc       5%         N/A       67%         4
 Frozen Ramparts          Ice            0%         1d1       75%         3
 Hailstorm                Conj/Ice       0%         3d5       75%         3
 Passwall                 Erth           0%         N/A       75%         3
 Swiftness                Air            0%         N/A       75%         3
 Airstrike                Air            0%         2d(0-16)  98%         4
 Dispel Undead            Necr           0%         3d6       98%         4
 Iskenderun's Mystic Bla  Conj/Tloc      0%         2d3       98%         4
 Leda's Liquefaction      Alch/Erth      0%         N/A       98%         4
 Manifold Assault         Tloc           0%         N/A       98%         4
 Martyr's Knell           Necr/Summ      0%         N/A       98%         4
 Vhi's Electric Charge    Tloc/Air       0%         N/A       98%         4
 Arcjolt                  Conj/Air       0%         1d10      100%        5
 Lee's Rapid Deconstruct  Erth           0%         3d4*      100%        5
 Summon Forest            Summ/Tloc      0%         N/A       100%        5
 Bombard                  Conj/Erth      0%         9d1       100%        6
 Death Channel            Necr           0%         N/A       100%        6
 Dispersal                Tloc           0%         N/A       100%        6
 Eringya's Noxious Bog    Alch           0%         4d6       100%        6
 Summon Hydra             Summ           0%         N/A       100%        7
 Disjunction              Tloc           0%         N/A       100%        8
 Maxwell's Capacitive Co  Air            0%         ∞         100%        8


Dungeon Overview and Level Annotations

Branches:
Dungeon (12/15)            Temple (1/1) D:4            Lair (5/5) D:11
 Shoals (0/4) Lair:3       Spider (0/4) Lair:3        Slime (0/5) Lair:4
    Orc (0/2) D:12

Altars:
Ashenzari
Cheibriados
Dithmenos
Elyvilon
Fedhas
Gozag
Hepliaklqana
Kikubaaqudgha
Makhleb
Nemelex Xobeh
Okawaru
Qazlal
Ru
Sif Muna
Trog
Uskayaw
Vehumet
Wu Jian
Xom
Yredelemnul
Zin
Jiyva

Shops:
D:5 ((*!

Annotations:
D:3 4 runed translucent doors, Caestello's ghost, weakling FoSh; Crazy Yiuf; Ijyb
D:6 Pikel
D:10 1 runed translucent door


Innate Abilities, Weirdness & Mutations

You have a beak for a mouth.
You have claws for feet.
Your magical flight helps you evade attacks. (EV +4)
You can magically evade attacks while moving or waiting.


Message History

The eight-headed hydra closely misses you.
The eight-headed hydra bites you!
* * * LOW HITPOINT WARNING * * *
The eight-headed hydra bites you!
* * * LOW HITPOINT WARNING * * *
The eight-headed hydra bites you but does no damage.
The eight-headed hydra barely misses you.
The eight-headed hydra bites you!
* * * LOW HITPOINT WARNING * * *
A bullfrog comes into view.
Unknown command.
As you read the scroll of teleportation, it crumbles to dust.
You feel strangely unstable.
The eight-headed hydra is no longer moving slowly.
The five-headed hydra bites you!
* * * LOW HITPOINT WARNING * * *
The five-headed hydra bites you!
* * * LOW HITPOINT WARNING * * *
You block the five-headed hydra's attack.
The five-headed hydra bites you!
* * * LOW HITPOINT WARNING * * *
The five-headed hydra completely misses you.
The eight-headed hydra misses you. The eight-headed hydra bites you.
* * * LOW HITPOINT WARNING * * *
The eight-headed hydra misses you. The eight-headed hydra bites you!
* * * LOW HITPOINT WARNING * * *
The eight-headed hydra misses you.
The eight-headed hydra barely misses you. x2
The eight-headed hydra completely misses you.
The five-headed hydra closely misses you. x2
The five-headed hydra bites you but does no damage.
The five-headed hydra closely misses you.
The five-headed hydra bites you but does no damage.
The eight-headed hydra attacks as it pursues you!
The eight-headed hydra completely misses you. x2
The eight-headed hydra closely misses you.
The eight-headed hydra misses you.
The eight-headed hydra completely misses you. x2
The eight-headed hydra bites you!
You die...

.........(
##.........
...........
...........
##..........#
#PF.........##
##..w.........#
##..@D........#.
#P.#.†D........#
###............#
#...<.......#D
##..F........#
#.....$....#
#..........#
#..........#
##..........#


You could see an eight-headed hydra, a five-headed hydra, a torpor snail, a cane
toad and a bullfrog (wandering).

Vanquished Creatures
  3 hydras
  Fannar (D:10)
  2 catoblepae (Lair:2)
  A two-headed ogre (D:9)
  Urug (D:10)
  Sonja (Lair:4)
  A pharaoh ant (Lair:3)
  A skyshark (Lair:3)
  A skeletal warrior (D:12)
  Lodul (D:10)
  A deep elf pyromancer (D:11)
  2 cyclopes (D:11)
  3 manticores
  An ugly thing (D:11)
  5 elephants (Lair:4)
  3 black mambas
  A gargoyle (D:12)
  9 cane toads
  A kobold demonologist (D:11)
  4 rime drakes
  Psyche (D:10)
  11 komodo dragons
  11 trolls
  2 polar bears
  28 blink frogs
  A hornet (shapeshifter) (D:11)
  A dream sheep (Lair:5)
  A jumping spider (Lair:3)
  2 shadows
  2 slime creatures
  4 wyverns
  52 yaks
  4 wraiths
  3 basilisks
  2 steam dragons
  6 vampire mosquitoes
  A redback (Lair:3)
  Menkaure (D:4)
  2 acid dragons
  11 water moccasins
  An ice beast (D:7)
  5 orc warriors
  A sky beast (D:7)
  4 black bears
  9 ogres
  9 wolves
  5 centaurs
  12 bullfrogs
  A lemure (D:6)
  A gnoll sergeant (D:12)
  3 scorpions
  7 killer bees (D:9)
  5 howler monkeys
  9 jellies
  3 hounds
  8 orc priests
  Jessica (D:2)
  2 iguanas
  2 sleepcaps
  8 orc wizards
  9 adders
  8 gnolls
  A shadow imp (D:5)
  2 white imps
  6 ufetubi
  A dart slug (D:1)
  A ribbon worm (D:4)
  29 orcs
  6 ball pythons
  2 bats
  9 endoplasms
  4 giant cockroaches
  6 goblins
  2 hobgoblins (D:1)
  3 jackals (D:1)
  5 quokkas
  4 frilled lizards
  5 kobolds
  6 rats
394 creatures vanquished.

Vanquished Creatures (collateral kills)
  An orc (D:11)
1 creature vanquished.

Grand Total: 395 creatures vanquished

Notes
Turn   | Place    | Note
-------+----------+-------------------------------------------
     0 | D:1      | Strat the Tengu Hexslinger began the quest for the Orb.
     0 | D:1      | Reached XP level 1. HP: 12/12 MP: 3/3
   137 | D:1      | Reached skill level 3 in Ranged Weapons
   137 | D:1      | Reached XP level 2. HP: 16/16 MP: 4/4
   142 | D:1      | Learned a level 2 spell: Jinxbite
   515 | D:1      | Reached XP level 3. HP: 20/20 MP: 5/5
  1168 | D:2      | Reached XP level 4. HP: 8/25 MP: 4/6
  1278 | D:2      | Noticed Jessica
  1452 | D:2      | Killed Jessica
  1453 | D:2      | Reached skill level 4 in Ranged Weapons
  1499 | D:2      | Reached XP level 5. HP: 29/29 MP: 4/7
  2142 | D:3      | Found a runed translucent gate.
  2143 | D:3      | Found a runed translucent gate.
  2143 | D:3      | Found a runed translucent gate.
  2149 | D:3      | Noticed Caestello's ghost (weakling FoSh)
  2176 | D:3      | Found a faded altar of an unknown god.
  2247 | D:3      | Identified the +7 hammer of Courage {holy, rElec}
  2253 | D:3      | Found a runed translucent door.
  2254 | D:3      | Noticed Crazy Yiuf
  2331 | D:3      | Reached skill level 5 in Ranged Weapons
  2376 | D:3      | Noticed Ijyb
  2672 | D:4      | Found a staircase to the Ecumenical Temple.
  2681 | Temple   | Entered the Ecumenical Temple
  2701 | Temple   | Became a worshipper of Dithmenos the Shadowed
  2998 | D:4      | Found a sacrificial altar of Ru.
  3166 | D:4      | Learned a level 3 spell: Sigil of Binding
  3369 | D:4      | Reached XP level 6. HP: 35/35 MP: 5/8
  3515 | D:4      | Noticed Menkaure
  3575 | D:4      | Killed Menkaure
  3576 | D:4      | Reached skill level 6 in Ranged Weapons
  4201 | D:5      | Entered Level 5 of the Dungeon
  4245 | D:5      | Gained mutation: Your magical flight helps you evade
                  | attacks. (EV +4) [Tengu growth]
  4245 | D:5      | Reached XP level 7. HP: 41/41 MP: 6/9
  4412 | D:5      | Found a broken altar of Ashenzari.
  4550 | D:5      | Reached skill level 7 in Ranged Weapons
  4696 | D:5      | Found Doedd's Weapon Emporium.
  4696 | D:5      | Found Pakh's Distillery.
  4696 | D:5      | Found Setsifom's Antique Weapon Emporium.
  4706 | D:5      | Found Posotuim's General Store.
  4731 | D:5      | Bought a +0 longbow of freezing for 191 gold pieces
  4734 | D:5      | Bought a potion of heal wounds for 65 gold pieces
  5037 | D:6      | Reached * piety under Dithmenos
  5040 | D:6      | Found a snail-covered altar of Cheibriados.
  5160 | D:6      | Reached skill level 8 in Ranged Weapons
  5212 | D:6      | Found a burning altar of Makhleb.
  5478 | D:6      | Found a blossoming altar of Fedhas.
  5482 | D:6      | Noticed Pikel
  5688 | D:6      | Reached XP level 8. HP: 48/48 MP: 7/10
  5967 | D:7      | Found a stormy altar of Qazlal.
  6173 | D:7      | Noticed a slime creature
  6215 | D:7      | Reached skill level 9 in Ranged Weapons
  6296 | D:7      | Noticed a gargoyle
  6296 | D:7      | Noticed a slime creature
  6329 | D:7      | Found a white marble altar of Elyvilon.
  6335 | D:7      | Noticed a yak
  6451 | D:7      | Noticed a wyvern
  6457 | D:7      | Killed a wyvern
  6458 | D:7      | Reached skill level 5 in Fighting
  6814 | D:7      | Noticed a gargoyle
  6854 | D:7      | Reached skill level 10 in Ranged Weapons
  6854 | D:7      | Reached XP level 9. HP: 55/55 MP: 8/11
  7452 | D:8      | Reached skill level 11 in Ranged Weapons
  7963 | D:9      | Noticed a two-headed ogre
  7986 | D:9      | Killed a two-headed ogre
  7987 | D:9      | Reached skill level 5 in Dodging
  7987 | D:9      | Reached XP level 10. HP: 63/63 MP: 7/12
  8150 | D:9      | Reached skill level 12 in Ranged Weapons
  8572 | D:9      | Found a shimmering altar of Xom.
  8615 | D:9      | Found an ornate altar of the Wu Jian Council.
  8828 | D:9      | Reached ** piety under Dithmenos
  8874 | D:9      | Reached skill level 13 in Ranged Weapons
  9458 | D:9      | Reached XP level 11. HP: 53/69 MP: 9/13
  9557 | D:10     | Entered Level 10 of the Dungeon
  9590 | D:10     | Noticed Fannar
  9772 | D:10     | Noticed a manticore
  9777 | D:10     | Noticed Urug
  9884 | D:10     | Found a basalt altar of Yredelemnul.
 10109 | D:10     | Killed Urug
 10230 | D:10     | Killed a manticore
 10426 | D:10     | Noticed Psyche
 10434 | D:10     | Killed Psyche
 10435 | D:10     | Reached skill level 14 in Ranged Weapons
 10528 | D:10     | Reached skill level 1 in Stealth
 10829 | D:10     | Noticed Lodul
 10897 | D:10     | Killed Lodul
 10910 | D:10     | Killed Fannar
 11181 | D:10     | Found a runed translucent door.
 11656 | D:11     | Noticed a cyclops
 11672 | D:11     | Killed a cyclops
 11868 | D:11     | Found a staircase to the Lair.
 12043 | D:11     | Reached *** piety under Dithmenos
 12184 | D:11     | Noticed a cyclops
 12184 | D:11     | Noticed a red ugly thing
 12184 | D:11     | Noticed a deep elf pyromancer
 12184 | D:11     | Noticed a manticore
 12372 | D:12     | Reached skill level 15 in Ranged Weapons
 12372 | D:12     | Reached XP level 12. HP: 76/76 MP: 11/14
 13007 | D:12     | Found a staircase to the Orcish Mines.
 13450 | D:12     | Reached **** piety under Dithmenos
 13720 | D:12     | Found the +5 scythe "Finisher" {speed, execute}
 14136 | D:11     | Reached skill level 5 in Stealth
 14202 | D:11     | Reached skill level 10 in Fighting
 14375 | Lair:1   | Entered Level 1 of the Lair of Beasts
 14575 | Lair:1   | Reached skill level 16 in Ranged Weapons
 14659 | Lair:1   | Reached skill level 10 in Dodging
 14819 | Lair:1   | Learned a level 3 spell: Inner Flame
 14867 | Lair:1   | Noticed a seven-headed hydra
 14874 | Lair:1   | Killed a seven-headed hydra
 14875 | Lair:1   | Reached skill level 1 in Armour
 14875 | Lair:1   | Reached XP level 13. HP: 82/82 MP: 12/15
 15441 | Lair:1   | Reached skill level 17 in Ranged Weapons
 16005 | Lair:2   | Reached ***** piety under Dithmenos
 16271 | Lair:2   | Identified the +6 short sword of Kin Vot {heavy, Str+4}
 16879 | Lair:3   | Reached skill level 18 in Ranged Weapons
 16883 | Lair:3   | Reached skill level 5 in Armour
 16989 | Lair:3   | Found a staircase to the Shoals.
 17061 | Lair:3   | Reached skill level 5 in Hexes
 17147 | Lair:3   | Found a hole to the Spider Nest.
 17777 | Lair:4   | Noticed Sonja
 17779 | Lair:4   | Killed Sonja
 17837 | Lair:4   | Reached skill level 1 in Invocations
 17978 | Lair:4   | Reached XP level 14. HP: 88/88 MP: 16/16
 18120 | Lair:4   | Found a staircase to the Slime Pits.
 18120 | Lair:4   | Found a viscous altar of Jiyva.
 18561 | Lair:4   | Reached XP level 15. HP: 93/93 MP: 16/18
 18611 | Lair:5   | Entered Level 5 of the Lair of Beasts
 18845 | Lair:5   | HP: 4/94 [skyshark (2)]
 19325 | Lair:5   | HP: 3/95 [eight-headed hydra (10)]
 19326 | Lair:5   | Slain by an eight-headed hydra

Illustrated notes

Levels and vault maps discovered:
D:1:      minmay_arrival_stair_chambers, layout_basic,
          dreamdust_princess_bridge, minmay_surrounded
D:2:      layout_basic, serial_forest, infiniplex_forest_lined_ring,
          infiniplex_forest_3_way, infiniplex_forest_3_way,
          infiniplex_forest_clump_small, infiniplex_forest_end_2,
          infiniplex_forest_straight_3, infiniplex_forest_lined_room_2,
          infiniplex_forest_corner_2, minmay_misc_feat_square, uniq_jessica
D:3:      layout_rooms, gammafunk_ghost_split, ebering_ecumenical_altar_hall,
          uniq_crazy_yiuf_cottage, uniq_ijyb
D:4:      layout_layer_cave, nicolae_ru_path_of_blood,
          minmay_temple_entry_overgrown, st_stairs_6, uniq_menkaure
D:5:      layout_cave_pools, lemuel_round_altar, grunt_ministairs_5,
          minmay_shop_grid_forest
D:6:      layout_gridville, mainiacjoe_overflow_brackets,
          mainiacjoe_overflow_catwalk_spiral, uniq_pikel
D:7:      minmay_the_grid_triangle_9x9_rhombus_thin
          [minmay_the_grid_triangle_9x9_sparse_checkered,
          minmay_the_grid_triangle_9x9_prize_top_heavy,
          minmay_the_grid_triangle_9x9_warning,
          minmay_the_grid_triangle_9x9_cache], layout_basic,
          mainiacjoe_overflow_six_doors_small, amcnicky_altar_gilded,
          nicolae_qazlal_scattered_showers, chequers_arboretum, uniq_joseph
D:8:      layout_basic, kennysheep_generic_room_2
D:9:      lemuel_troll_bridge, layout_layer_cave, kennysheep_mini_moat,
          mainiacjoe_overflow_chevrons, special_room [special_room_bee],
          serial_bayou_pond_e, lightli_minifort
D:10:     gammafunk_indiana_jones, layout_loops_ring, overflow_temple_1_default,
          uniq_fannar, uniq_psyche, uniq_urug, uniq_lodul
D:11:     minmay_opposing_rooms, layout_basic, grunt_lair_entry_orc_guard_hut,
          dk_noncrumbling_3
D:12:     layout_basic, erik_orc_4, minmay_guarded_unrand_finisher
Temple:   hellmonk_temple_of_storms
Lair:1:   layout_hall_layers, grunt_megastairs_5
Lair:2:   layout_regular_city, portal_ice_cave_rime,
          eino_small_chamber_without_monster, serial_bayou_shore_b
Lair:3:   layout_chaotic_city, minmay_shoals_entry_beasts,
          nicolae_spider_entry_lesser_pyramids, lemuel_fruit_tree
Lair:4:   layout_roguey, nicolae_slime_entry_slimehenge, gauntlet_entry_generic,
          uniq_sonja
Lair:5:   minmay_lair_end_frog_pond, layout_gridlike, serial_bayou_shore_a

Skill      XL: |  1  2  3  4  5  6  7  8  9 10 11 12 13 14 15 |
---------------+----------------------------------------------+-----
Ranged Weapons | 3 4 5 6 8 10 11 13 15 16 18 | 18.0
Hexes          | 3 6 7 |  7.0
Fighting       | 2 3 4 5 7 8 9 10 11 | 11.2
Dodging        | 3 5 7 8 10 11 | 11.4
Stealth        | 3 6 |  6.0
Armour         | 1 5 |  5.0
Invocations    | 1 3 4 |  4.5
Spellcasting   | |  1.0
Fire Magic     | |  1.1

Action                     |  1- 3 |  4- 6 |  7- 9 | 10-12 | 13-15 || total
---------------------------+-------+-------+-------+-------+-------++-------
   Fire: Sling             |    76 |   137 |    25 |       |    12 ||   250
         Longbow           |       |       |   120 |   537 |   417 ||  1074
   Cast: Jinxbite          |     1 |    19 |    40 |    94 |    60 ||   214
         Sigil of Binding  |       |       |     1 |    12 |       ||    13
  Evoke: Wand              |       |     1 |     1 |    10 |       ||    12
    Use: Scroll            |     2 |    11 |    12 |     4 |     5 ||    34
         Potion            |     1 |       |     1 |     2 |     5 ||     9
 Armour: Robe              |    24 |    14 |    10 |       |       ||    48
         Leather armour    |       |       |    33 |       |       ||    33
         Steam dragon scal |       |       |       |    67 |       ||    67
         Acid dragon scale |       |       |       |    10 |    95 ||   105
  Dodge: Dodged            |    30 |    23 |   118 |   205 |   215 ||   591
  Block: Other             |       |       |       |    15 |    41 ||    56
         Reflection        |       |       |       |     1 |       ||     1
